Map: Frost LE

Players

Miszu - Winner!

  • Race: Terran Terran
  • League: Master

Hopt

  • Race: Terran Terran
  • League: Master

VOD

Have the link to the VOD?

Description

Time

  • Played on: July 3, 2016, 11:35 a.m.
  • Length: 11:50
Show
View Real Time Build Order
Export as new Build Order

Miszu Terran - Winner!

Build Orders: MMM Bio 

Get SALT Encoding   

  12  0:01  SCV  
  13  0:13  SCV  
  14  0:18  Supply Depot  
  14  0:25  SCV  
  15  0:39  SCV  
  15  0:40  Barracks  
  16  0:48  Refinery  
  16  0:52  SCV  
  17  1:04  SCV  
  18  1:05  Barracks  
  18  1:16  SCV  
  19  1:28  Orbital Command  
  19  1:31  Reaper  
  20  1:37  Supply Depot  
  20  1:53  Reaper  
  20  1:54  SCV  
  22  2:08  Reaper  
  23  2:13  SCV  
  24  2:17  Command Center  
  24  2:26  Reaper  
  25  2:33  SCV  
  25  2:45  Reaper  
  25  2:46  SCV  
  25  2:48  Refinery  
  25  2:50  Barracks  
  27  2:58  Supply Depot, SCV  
  27  3:02  Reaper  
  29  3:10  SCV  
  30  3:22  SCV  
  28  3:29  Barracks Reactor  
  28  3:32  Orbital Command  
  27  3:35  SCV  
  27  3:36  Barracks Tech Lab  
  28  3:47  SCV  
  29  3:51  Factory  
  29  3:53  Refinery  
  29  3:54  Marine x2  
  31  3:57  SCV  
  31  3:59  SCV  
  33  4:06  Stimpack  
  33  4:08  Marine x2  
  36  4:10  SCV  
  36  4:11  SCV  
  36  4:15  Marine x2  
  39  4:22  Engineering Bay, SCV  
  39  4:23  SCV  
  41  4:25  Marine  
  41  4:26  Marine  
  43  4:33  Marine  
  43  4:34  SCV  
  43  4:35  SCV  
  43  4:36  Supply Depot  
  47  4:42  Starport  
  47  4:43  Factory Reactor  
  47  4:44  Marine  
  47  4:46  SCV  
  47  4:47  SCV  
  47  4:49  Marine  
  50  4:53  Terran Infantry Weapons Level 1  
  50  4:58  SCV  
  50  4:59  SCV  
  51  5:10  SCV  
  42  5:26  SCV x2  
  40  5:28  Marine  
  40  5:29  Marine x3  
  44  5:38  SCV x2  
  44  5:42  Medivac  
  45  5:45  Medivac, Factory Tech Lab  
  45  5:46  Marine  
  45  5:47  Marine x3  
  51  5:50  SCV  
  51  5:51  SCV  
  53  5:59  Supply Depot  
  53  6:02  SCV  
  53  6:03  SCV  
  58  6:04  Marine, Siege Tank  
  58  6:05  Marine x3  
  58  6:08  Combat Shields  
  62  6:20  Supply Depot, Medivac, SCV x2  
  62  6:22  Supply Depot, Marine  
  62  6:23  Marine  
  69  6:32  Marine  
  70  6:34  Barracks Reactor, SCV  
  70  6:39  Refinery  
  70  6:42  Marine, Medivac, Command Center, SCV  
  57  7:04  Marine  
  57  7:05  Medivac  
  58  7:10  SCV x2  
  58  7:11  Marine  
  58  7:12  Marine x3, Medivac  
  65  7:22  Marine  
  66  7:23  Siege Tank  
  66  7:29  Marine x2  
  70  7:30  Supply Depot, Marine x2  
  70  7:31  Terran Infantry Armor Level 1, Barracks  
  70  7:32  Barracks  
  70  7:35  Supply Depot  
  73  7:40  Marine  
  73  7:43  SCV  
  75  7:47  Marine x2, SCV  
  78  7:51  Marine x2  
  78  7:55  Siege Tank  
  78  7:57  Marine  
  84  8:05  Marine x2  
  85  8:08  Medivac x2  
  85  8:09  Marine, SCV x2  
  85  8:11  Orbital Command  
  93  8:15  Marine  
  94  8:20  Supply Depot  
  94  8:21  SCV x2  
  94  8:26  Supply Depot  
  95  8:33  SCV  
  87  8:43  Marine x5  
  94  9:00  Marine  
  94  9:01  Barracks Reactor x2, Marine x4  
  94  9:02  Medivac x2  
  101  9:05  Supply Depot  
  101  9:06  Supply Depot  
  101  9:07  Supply Depot  
  101  9:18  Marine  
  101  9:19  Marine x2  
  101  9:23  Marine  
  101  9:24  Marine, Siege Tank  
  109  9:36  Marine  
  109  9:37  Marine x2  
  112  9:41  Marine x2  
  96  9:47  Marine x3  
  96  9:48  Marine, Medivac  
  96  9:49  Medivac  
  95  9:54  Marine x3  
  95  9:55  Engineering Bay  
  95  9:58  Armory  
  95  9:59  Marine x2  
  100  10:00  Siege Tank  
  100  10:05  Factory, Marine x4  
  107  10:12  Marine  
  108  10:18  Medivac  
  108  10:19  Medivac  
  108  10:21  Missile Turret x2  
  112  10:22  SCV x3  
  112  10:26  Marine x2  
  112  10:27  Marine x6  
  123  10:29  Marine  
  123  10:34  Refinery, SCV x2  
  123  10:35  Siege Tank  
  129  10:39  Refinery, SCV  
  130  10:44  Marine x2  
  130  10:46  SCV  
  132  11:00  Factory Tech Lab  
  132  11:07  Siege Tank  
  135  11:12  Missile Turret x2  
  135  11:14  Supply Depot  
  135  11:15  Supply Depot, Marine x5  
  135  11:17  Bunker  
  140  11:18  Supply Depot  
  140  11:19  Supply Depot  
  143  11:28  Marine  
  143  11:32  Marine  
Show
View Real Time Build Order
Export as new Build Order

Hopt Terran 

Build Orders: Reaper Expand 

Get SALT Encoding   

  12  0:00  SCV  
  13  0:13  SCV  
  14  0:17  Supply Depot  
  14  0:25  SCV  
  15  0:39  SCV  
  15  0:41  Barracks  
  16  0:44  Refinery  
  16  0:51  SCV  
  17  1:03  SCV  
  18  1:15  SCV  
  19  1:27  Orbital Command  
  19  1:28  Reaper  
  20  1:45  Command Center  
  20  1:54  Supply Depot  
  20  1:56  SCV  
  21  2:08  SCV  
  21  2:09  Marine  
  23  2:16  Factory  
  23  2:20  SCV  
  23  2:22  Refinery  
  24  2:28  Barracks Reactor  
  24  2:33  SCV  
  24  2:45  SCV  
  25  2:57  SCV, Orbital Command  
  26  2:59  Hellion  
  26  3:01  Starport  
  26  3:05  Marine x2  
  29  3:09  SCV  
  25  3:21  Hellion  
  23  3:30  SCV  
  23  3:32  Marine x2  
  26  3:34  SCV  
  27  3:42  SCV  
  27  3:46  Hellion, SCV  
  31  3:54  SCV  
  32  3:59  SCV  
  33  4:04  Medivac  
  33  4:05  Marine x2  
  33  4:06  SCV  
  38  4:11  SCV  
  38  4:14  Factory Tech Lab  
  39  4:17  Supply Depot  
  39  4:18  SCV  
  39  4:21  Supply Depot  
  39  4:22  Marine x2  
  39  4:23  SCV  
  43  4:31  SCV  
  44  4:35  SCV  
  45  4:38  Cyclone  
  45  4:44  SCV  
  50  4:45  Viking  
  50  4:50  Supply Depot  
  50  4:51  Supply Depot  
  50  4:52  SCV  
  53  4:56  SCV  
  53  4:59  Marine x2  
  55  5:04  SCV  
  54  5:08  SCV  
  52  5:19  SCV  
  50  5:23  SCV  
  47  5:31  SCV  
  47  5:32  Barracks  
  47  5:33  Marine x2  
  47  5:35  SCV  
  51  5:43  SCV  
  51  5:51  Marine x2, SCV  
  51  5:52  Command Center  
  51  5:57  Barracks, SCV  
  55  6:03  Siege Tank  
  58  6:05  Medivac  
  58  6:07  SCV  
  61  6:12  SCV  
  61  6:14  Refinery  
  61  6:15  Refinery  
  61  6:16  Supply Depot  
  62  6:19  SCV  
  62  6:22  Marine  
  62  6:23  Marine  
  62  6:24  Barracks Tech Lab  
  62  6:25  SCV  
  66  6:27  Supply Depot  
  66  6:29  Engineering Bay  
  66  6:31  SCV  
  67  6:37  SCV  
  67  6:39  Siege Tank  
  71  6:40  Marine x2  
  71  6:43  SCV  
  74  6:49  SCV  
  62  6:55  SCV  
  62  6:58  Marine  
  62  7:01  SCV  
  65  7:05  Marine  
  65  7:06  Marine  
  67  7:10  Starport Reactor  
  67  7:11  Barracks Tech Lab, Stimpack  
  67  7:14  SCV  
  67  7:15  SCV  
  61  7:19  Marine  
  61  7:20  Siege Tank  
  65  7:23  Marine  
  65  7:26  Terran Infantry Weapons Level 1  
  65  7:27  Barracks, SCV  
  65  7:28  Barracks  
  65  7:29  Barracks  
  68  7:31  Orbital Command  
  68  7:32  SCV  
  68  7:39  SCV  
  68  7:42  Marine x3  
  68  7:43  Marine  
  73  7:45  Combat Shields  
  73  7:47  SCV  
  74  7:51  SCV  
  75  7:59  SCV x2  
  75  8:00  Marine x2  
  75  8:01  Supply Depot  
  79  8:06  SCV  
  79  8:07  Marine x2  
  79  8:08  Medivac x2, Siege Tank  
  79  8:11  SCV  
  90  8:15  Engineering Bay  
  90  8:19  Supply Depot x2, SCV  
  91  8:21  Marine x2  
  91  8:23  Marine x2  
  91  8:25  SCV  
  84  8:39  Marine x3  
  84  8:40  Marine x2  
  77  8:42  Marine x2  
  77  8:43  Siege Tank  
  82  8:50  Orbital Command  
  82  8:54  Medivac  
  84  8:57  Marine x5  
  84  9:00  Marine x2  
  87  9:13  Medivac  
  87  9:15  Marine x4  
  94  9:19  Marine  
  94  9:33  Marine x3  
  94  9:37  Marine  
  71  9:50  SCV x2, Orbital Command  
  71  9:51  Marine x2  
  74  9:54  Marine  
  75  10:00  Siege Tank  
  75  10:02  Barracks Reactor, SCV  
  75  10:03  SCV  
  79  10:08  Barracks x2, Armory  
  79  10:09  Marine x2, Medivac  
  79  10:12  Marine  
  84  10:16  SCV  
  84  10:17  SCV x2  
  87  10:26  Marine x2  
  89  10:28  SCV  
  89  10:29  SCV  
  89  10:30  Marine, SCV  
  93  10:38  Marine  
  93  10:40  SCV  
  93  10:41  SCV  
  93  10:42  SCV  
  97  10:44  Marine x3  
  97  10:48  Marine  
  101  10:53  SCV x2  
  101  10:54  SCV  
  101  10:56  Marine  
  105  11:02  Marine x5  
  113  11:04  Medivac, Siege Tank  
  113  11:05  SCV x2  
  113  11:06  Marine, SCV  
  119  11:14  Marine  
  119  11:15  Medivac  
  119  11:17  Supply Depot x2, SCV  
  123  11:19  Marine  
  123  11:20  Supply Depot, Marine x4  
  123  11:21  Supply Depot  
  129  11:29  Barracks Reactor  
  129  11:32  Marine  
  129  11:33  Refinery  
  129  11:34  Refinery  
  134  11:42  Sensor Tower  
Tags
 
Composition
MMM Bio
Matchup
TvT
Race
Terran
Add a new tag
Caveats
  • Supply blocks, unpowered buildings, or Contaminate may cause inaccurate times.
  • Supply counts are checked every 10 seconds.